 Dungeon Crawl Stone Soup version 0.27.1-1-g398f81649c (webtiles) character file.

Game seed: 17654574090173617173

53 MisterFreud the Shield-Bearer (level 3, -3/35 HPs)
             Began as a Gnoll Fighter on Sept 7, 2021.
             Was a Follower of the Shining One.
             Slain by Crazy Yiuf (17 damage)
             ... on level 2 of the Dungeon.
             The game lasted 00:01:38 (1407 turns).

MisterFreud the Shield-Bearer (Gnoll Fighter)       Turns: 1407, Time: 00:01:39

Health: -3/35      AC:  9    Str: 15    XL:     3   Next: 89%
Magic:  4/4        EV:  8    Int:  8    God:    the Shining One [*.....]
Gold:   71         SH: 10    Dex: 11    Spells: 4/4 levels left

rFire    . . .     SeeInvis .   i - +1 dagger (venom)
rCold    . . .     Faith    .   c - +0 kite shield
rNeg     . . .     Spirit   .   b - +0 scale mail
rPois    .         Reflect  .   (no helmet)
rElec    .         Harm     .   (no cloak)
rCorr    .         Rampage  .   h - +0 pair of gloves
Will     .....                  (no boots)
Stlth    ..........             (no amulet)
HPRegen  0.11/turn              (no ring)
MPRegen  0.09/turn              (no ring)

@: glowing
A: fangs 1, strong nose, distributed training
a: Renounce Religion


You were on level 2 of the Dungeon.
You worshipped the Shining One.
The Shining One was aware of your devotion.
You visited 1 branch of the dungeon, and saw 2 of its levels.

You collected 71 gold pieces.

Inventory:

Hand Weapons
 a - a +0 rapier
 i - a +1 dagger of venom (weapon)
Armour
 b - a +0 scale mail (worn)
 c - a +0 kite shield (worn)
 h - a +0 pair of gloves (worn)
Scrolls
 f - 3 scrolls of acquirement {unknown}
 g - a scroll of identify {unknown}
Potions
 d - a potion of might
 e - a potion of haste {unknown}
 j - a potion of cancellation {unknown}
 k - a potion of lignification {unknown}


   Skills:
 + Level 6.5 Fighting
 + Level 4.6 Short Blades
 + Level 1.0 Long Blades
 + Level 1.0 Axes
 + Level 1.0 Maces & Flails
 + Level 1.0 Polearms
 + Level 1.0 Staves
 + Level 1.0 Slings
 + Level 1.0 Bows
 + Level 1.0 Crossbows
 + Level 1.0 Throwing
 + Level 6.5 Armour
 + Level 1.0 Dodging
 + Level 1.0 Stealth
 + Level 6.5 Shields
 + Level 1.0 Unarmed Combat
 + Level 1.0 Spellcasting
 + Level 0.7 Conjurations
 + Level 0.7 Hexes
 + Level 0.7 Summonings
 + Level 0.7 Necromancy
 + Level 0.7 Translocations
 + Level 0.7 Transmutations
 + Level 0.7 Fire Magic
 + Level 0.7 Ice Magic
 + Level 0.7 Air Magic
 + Level 0.7 Earth Magic
 + Level 0.7 Poison Magic
 + Level 1.0 Invocations
 + Level 1.0 Evocations


You had 4 spell levels left.
You didn't know any spells.
Your spell library was empty.

Dungeon Overview and Level Annotations

Branches:
Dungeon (2/15)

Altars:
The Shining One

Annotations:
D:2 Crazy Yiuf


Innate Abilities, Weirdness & Mutations

You have very sharp teeth.
Your uncanny sense of smell can sniff out nearby items.
Your experience applies equally to all skills.


Message History

The giant cockroach is almost dead.
The giant cockroach bites you. You block the giant cockroach's attack.
A giant cockroach is nearby!
You hit the giant cockroach.
You kill the giant cockroach!
HP restored.
Found a stone staircase leading up.
No target in view!
There is a stone staircase leading up here.
Found 16 arrows.
No target in view!
Found a dagger.
You see here a +0 dagger.
Found two maces.
Found a mace.
You see here a +0 mace.
Found a glowing mace and six maces.
Found a runed translucent door.
You see here a +0 mace.
No target in view!
No target in view!
Found a mace.
You see here a +2 mace of protection.
You see here a +0 mace.
Found three maces.
Crazy Yiuf yells, "Spliff!"
You see here a +0 mace.
You open the door.
Crazy Yiuf glowers.
You hit Crazy Yiuf.
Crazy Yiuf is poisoned.
Crazy Yiuf is lightly wounded.
Crazy Yiuf hits you with a +2 quarterstaff of chaos!
You hit Crazy Yiuf.
Crazy Yiuf looks as sick as possible!
Crazy Yiuf is moderately wounded.
You block Crazy Yiuf's attack.
You hit Crazy Yiuf.
Crazy Yiuf looks as sick as possible!
You bite Crazy Yiuf, but do no damage.
Crazy Yiuf is heavily wounded.
Crazy Yiuf hits you with a +2 quarterstaff of chaos!
You are electrocuted!
You die...

#.# ### ∆
##### #).)#
#)))# )))
#g# # ###
♣♣@♣
#.########.#
♣)♣♣
#.#.......)#
♣♣)♣
#......##..#
♣)♣♣
###.##.....#
♣♣)♣♣
.<..#####..#
♣)..♣♣
...........#
♣.♣..♣
...#######.#
#....# #.##
#.###....#


You could see Crazy Yiuf (extremely poisoned).

Vanquished Creatures
  2 dart slugs
  5 bats
  5 endoplasms
  3 giant cockroaches
  6 goblins
  A hobgoblin (D:1)
  4 kobolds (D:1)
  4 quokkas
  8 ball pythons (D:1)
  4 rats
42 creatures vanquished.

Notes
Turn   | Place    | Note
-------+----------+-------------------------------------------
     0 | D:1      | MisterFreud the Gnoll Fighter began the quest for the Orb.
     0 | D:1      | Reached XP level 1. HP: 23/23 MP: 1/1
    62 | D:1      | Found a faded altar of an unknown god.
    74 | D:1      | Became a worshipper of the Shining One
    74 | D:1      | Reached * piety under the Shining One
   128 | D:1      | Reached XP level 2. HP: 29/29 MP: 2/2
   445 | D:1      | Reached XP level 3. HP: 35/35 MP: 3/3
   720 | D:1      | Reached skill level 1 in Invocations
   754 | D:1      | You fall into a shaft and drop 1 floor!
  1225 | D:2      | Reached skill level 1 in Long Blades
  1225 | D:2      | Reached skill level 1 in Axes
  1225 | D:2      | Reached skill level 1 in Maces & Flails
  1225 | D:2      | Reached skill level 1 in Polearms
  1225 | D:2      | Reached skill level 1 in Staves
  1225 | D:2      | Reached skill level 1 in Slings
  1225 | D:2      | Reached skill level 1 in Bows
  1225 | D:2      | Reached skill level 1 in Crossbows
  1225 | D:2      | Reached skill level 1 in Throwing
  1225 | D:2      | Reached skill level 1 in Dodging
  1225 | D:2      | Reached skill level 1 in Stealth
  1225 | D:2      | Reached skill level 1 in Unarmed Combat
  1225 | D:2      | Reached skill level 1 in Spellcasting
  1225 | D:2      | Reached skill level 1 in Evocations
  1400 | D:2      | Found a runed translucent door.
  1401 | D:2      | Noticed Crazy Yiuf
  1407 | D:2      | Slain by Crazy Yiuf

Illustrated notes

Levels and vault maps discovered:
D:1:      wander_arrival_abandoned_jail, layout_basic, basic_ecumenical_altar
D:2:      kennysheep_the_goblin_king, layout_loops_cross,
          uniq_crazy_yiuf_cottage

Skill      XL: |  1  2  3 |
---------------+----------+-----
Invocations    | 1 |  1.0
Long Blades    | 1 |  1.0
Axes           | 1 |  1.0
Maces & Flails | 1 |  1.0
Polearms       | 1 |  1.0
Staves         | 1 |  1.0
Slings         | 1 |  1.0
Bows           | 1 |  1.0
Crossbows      | 1 |  1.0
Throwing       | 1 |  1.0
Dodging        | 1 |  1.0
Stealth        | 1 |  1.0
Unarmed Combat | 1 |  1.0
Spellcasting   | 1 |  1.0
Evocations     | 1 |  1.0
Fighting       | |  6.5
Short Blades   | |  4.6
Armour         | |  6.5
Shields        | |  6.5
Conjurations   | |  0.7
Hexes          | |  0.7
Summonings     | |  0.7
Necromancy     | |  0.7
Translocations | |  0.7
Transmutations | |  0.7
Fire Magic     | |  0.7
Ice Magic      | |  0.7
Air Magic      | |  0.7
Earth Magic    | |  0.7
Poison Magic   | |  0.7

Action                   || total
-------------------------++-------
Melee: Rapier            ||    88
       Dagger            ||    13
       Bite              ||     3
Armor: Scale mail        ||    37
Dodge: Dodged            ||    32
Block: Kite shield       ||    59
